 Dungeon Crawl Stone Soup version 0.31-a0-472-g43a2ca8e1b (webtiles) character file.

Game seed: 5728513883242595085

340 Ethylacetat the Changeling (level 6, -1/42 HPs)
             Began as an Octopode Shapeshifter on Aug 6, 2023.
             Succumbed to an adder's poison
             ... on level 4 of the Dungeon.
             The game lasted 00:02:37 (2055 turns).

Ethylacetat the Changeling (Octopode Shapeshifter)  Turns: 2055, Time: 00:02:38

Health: -1/42      AC:  1    Str: 12 (14) XL:     6   Next: 56%
Magic:  6/6        EV: 13    Int:  9 (11) God:
Gold:   146        SH:  0    Dex: 13 (14) Spells: 5/5 levels left

rFire   . .          .
                       - Unarmed
rCold   . . .        (no shield)
rNeg    . . .        (helmet currently unavailable)
rPois   .            (no amulet)
rElec   .            m - ring of willpower
rCorr   .            (no ring)
SInv    .            (no ring)
Will    +....        (no ring)
Stlth   ++           (no ring)
HPRegen 0.27/turn    (no ring)
MPRegen 0.10/turn    (no ring)
                     (no ring)

%: no passive effects
@: lethally poisoned (-1 -> -9), beast-form
A: beast (slay +3), almost no armour, amphibious, 8 rings, camouflage 1,
gelatinous body 1, (nimble swimmer 1), tentacles
a: Begin Untransformation


You were on level 4 of the Dungeon.
You were a hulking beast.
You visited 1 branch of the dungeon, and saw 4 of its levels.

You collected 146 gold pieces.

Inventory:

Jewellery
 m - a ring of willpower (left tentacle)
Talismans
 b - a beast talisman (active)
Scrolls
 c - a scroll of enchant armour {unknown}
 e - 5 scrolls of identify {unknown}
 g - a scroll of poison {unknown}
 h - 4 scrolls of fog {unknown}
 i - 2 scrolls of revelation {unknown}
 n - a scroll of fear {unknown}
 o - 5 scrolls of blinking {unknown}
 q - a scroll of vulnerability {unknown}
Potions
 d - 2 potions of resistance


   Skills:
 + Level 3.2 Fighting
 - Level 2.0 Dodging
 + Level 4.3 Unarmed Combat
 * Level 4.8 Shapeshifting


You had 5 spell levels left.
You didn't know any spells.
Your spell library contained the following spells:

 Spells                   Type           Power      Damage    Failure   Level
 Dazzling Flash           Conj/Hex       0%         N/A       77%         3
 Volatile Blastmotes      Fire/Tloc      0%         2d10      77%         3
 Starburst                Conj/Fire      0%         6d3       100%        6
 Maxwell's Capacitive Co  Air            0%         ∞         100%        8


Dungeon Overview and Level Annotations

Branches:
Dungeon (4/15)
 Temple: D:4-7

Altars:
Sif Muna
Trog


Innate Abilities, Weirdness & Mutations

You are a hulking beast.
Your limbs bulge with bestial killing power. (Slay +3)
You cannot wear most types of armour.
You are amphibious.
You can wear up to eight rings at the same time.
Your skin changes colour to match your surroundings (Stealth+).
Your rubbery body absorbs attacks. (AC +1, EV +1)
((You are camouflaged when in or above water. (Stealth+)))
You have tentacles for arms and can constrict up to eight enemies at once.


Message History

The adder misses you.
The giant cockroach bites you but does no damage.
You tentacle-slap the ogre.
The ogre is severely wounded.
The adder barely misses you. The giant cockroach bites you.
The ogre barely misses you. The adder completely misses you.
You bludgeon the ogre!
You kill the ogre!
The giant cockroach completely misses you.
The adder closely misses you.
You feel your strength returning.
Your Fighting skill increases to level 3!
You closely miss the adder. Your grab misses the adder.
Your squeeze misses the adder. The giant cockroach bites you.
The adder bites you.
You are poisoned.
The adder poisons you!
You barely miss the adder. Your grab misses the adder.
You feel sick. The giant cockroach bites you. The adder bites you.
* * * LOW HITPOINT WARNING * * *
You are more poisoned.
The adder poisons you! The giant cockroach closely misses you.
You closely miss the adder. Your grab misses the adder. You squeeze the adder!
The adder is almost dead.
You feel sick. The adder bites you.
* * * LOW HITPOINT WARNING * * *
You are more poisoned.
The adder poisons you! The giant cockroach bites you.
* * * LOW HITPOINT WARNING * * *
You miss the adder. You grab the adder. You squeeze the adder.
You kill the adder!
* * * LOW HITPOINT WARNING * * *
You feel very sick. The giant cockroach bites you.
* * * LOW HITPOINT WARNING * * *
Unknown command.
You tentacle-slap the giant cockroach. Your grab misses the giant cockroach.
You squeeze the giant cockroach.
You kill the giant cockroach!
You die...

..##... .....
........ .....
.......# ....##
#...... ........
#.....##....#..
#......... ..## #
#.......# ...#...
#....h#####.......
##..†).##....#....
##....###.B†##....
#......#....#.....
...............###..
#....$....†.........
#)...........≈≈≈≈≈≈≈
..............≈......
...#.........#≈.#####


There were no monsters in sight!

Vanquished Creatures
  An ogre (D:4)
  A scorpion (D:4)
  A gnoll bouda (D:3)
  5 gnolls (D:3)
  6 adders
  2 worms
  2 dart slugs (D:1)
  4 ball pythons
  8 bats
  6 endoplasms
  A giant cockroach (D:4)
  7 goblins
  3 hobgoblins
  3 jackals (D:1)
  A quokka (D:1)
  3 frilled lizards
  9 kobolds
  4 rats
67 creatures vanquished.

Notes
Turn   | Place    | Note
-------+----------+-------------------------------------------
     0 | D:1      | Ethylacetat the Octopode Shapeshifter began the quest for
                  | the Orb.
     0 | D:1      | Reached XP level 1. HP: 13/13 MP: 1/1
   139 | D:1      | Reached XP level 2. HP: 18/18 MP: 2/2
   288 | D:1      | Reached XP level 3. HP: 23/23 MP: 3/3
   749 | D:2      | Found a shimmering blue altar of Sif Muna.
   942 | D:2      | Reached XP level 4. HP: 29/29 MP: 4/4
  1464 | D:3      | Found a faded altar of an unknown god.
  1570 | D:3      | Found a bloodstained altar of Trog.
  1719 | D:3      | Reached XP level 5. HP: 35/35 MP: 5/5
  2024 | D:4      | Found a shimmering blue altar of Sif Muna.
  2026 | D:4      | Noticed an ogre
  2037 | D:4      | Reached XP level 6. HP: 25/41 MP: 6/6
  2054 | D:4      | HP: 2/42 [poisoned by an adder]
  2055 | D:4      | Succumbed to an adder's poison

Illustrated notes

Levels and vault maps discovered:
D:1:      saegor_arrival_simple_b, layout_loops_ring
D:2:      layout_basic, basic_altar
D:3:      layout_loops_ring, mainiacjoe_overflow_paths,
          chequers_ecumenical_altar_simple
D:4:      layout_cave_pools, grunt_temple_overflow_growth_and_decay,
          minmay_overflow_temple_hex, nicolae_overflow_squiral,
          mainiacjoe_overflow_tiny_flanked, minivault_4, uniq_robin,
          uniq_natasha, uniq_crazy_yiuf_cottage

Skill      XL: |  1  2  3  4  5  6 |
---------------+-------------------+-----
Fighting       | 2 3 |  3.2
Shapeshifting  | 4 |  4.8
Unarmed Combat | 4 |  4.3
Dodging        | |  2.0

Action                     |  1- 3 |  4- 6 || total
---------------------------+-------+-------++-------
  Melee: Unarmed           |    69 |    71 ||   140
         Tentacles         |     8 |    10 ||    18
         Constrict         |    16 |    13 ||    29
         Punch             |       |     3 ||     3
    Use: Potion            |       |     8 ||     8
   Stab: Sleeping          |    10 |    10 ||    20
 Armour: Skin              |     4 |    18 ||    22
  Dodge: Dodged            |    41 |    43 ||    84

Table legend: (Time is in decaauts)
 A = Elapsed time spent in this place.
 B = Non-inter-level travel time spent in this place.
 C = Inter-level travel time spent in this place.
 D = Time resting spent in this place.
 E = Time spent auto-exploring this place.
 F = Levels seen in this place.
 G = Mean time per level.
                   A        B        C        D        E       F      G
               +--------+--------+--------+--------+--------+-----+--------+
         Total |   2031 |   1968 |     63 |      4 |   1586 |   4 |  507.8 |
       Dungeon |   2031 |   1968 |     63 |      4 |   1586 |   4 |  507.8 |
               +--------+--------+--------+--------+--------+-----+--------+

Top non-repeatable levels by time:
     D:1: 745 daAuts
     D:3: 630 daAuts
     D:2: 625 daAuts
     D:4: 29 daAuts
